 Dungeon Crawl Stone Soup version 0.28.0-53-g5a82cb258f (webtiles) character file.

Game seed: 1921245077398622686

183948 Peloso the Impregnable (level 17, -8/168 HPs)
             Began as a Minotaur Fighter on June 8, 2022.
             Was the Champion of Okawaru.
             Mangled by a wolf spider (10 damage)
             ... on level 1 of the Spider Nest on June 10, 2022.
             The game lasted 01:25:06 (46859 turns).

Peloso the Impregnable (Minotaur Fighter)          Turns: 46859, Time: 01:25:07

Health: -8/168     AC: 45    Str: 34    XL:     17   Next: 76%
Magic:  19/19      EV:  9    Int: 10    God:    Okawaru [******]
Gold:   1349       SH: 14    Dex: 13    Spells: 16/16 levels left

rFire   + + +      SeeInvis +   a - +5 long sword (flame)
rCold   + + .      Faith    .   c - +0 kite shield {reflect}
rNeg    + . .      Spirit   .   h - +12 crystal plate armour of Okawaru's Favour {rC+ Str+2}
rPois   +          Reflect  +   n - +0 hat of a treasure trove {*Slow rPois SInv}
rElec   .          Harm     .   S - +0 cloak
rCorr   .          Rampage  .   T - +0 pair of gloves "Ynustruasm" {rC+ Int+2 SInv}
Will    +++..                   x - +0 pair of boots
Stlth   ..........              (no amulet)
HPRegen 0.38/turn               X - ring "Hynoamuu" {rF++ Will+ Int+3}
MPRegen 0.16/turn               B - ring of Duryrishru {rF++ rN+ Will+ Str+6}

@: studying Earth Magic
A: horns 2, retaliatory headbutt
a: Renounce Religion, Heroism, Finesse, Duel


You were on level 1 of the Spider Nest.
You worshipped Okawaru.
Okawaru was exalted by your worship.
You visited 7 branches of the dungeon, and saw 31 of its levels.
You also visited: Sewer, Bailey and Gauntlet.

You collected 2555 gold pieces.
You spent 1206 gold pieces at shops.

Inventory:

Hand Weapons
 a - a +5 long sword of flaming (weapon)
 b - a +5 scimitar of flaming
Armour
 c - a +0 kite shield of reflection (worn)
 h - the +12 crystal plate armour of Okawaru's Favour (worn) {rC+ Str+2}
   (Okawaru gifted it to you on level 4 of the Lair of Beasts)

   Str:       It affects your strength (+2).
   rC:        It protects you from cold.
 n - the +0 hat of a treasure trove (worn) {*Slow rPois SInv}
   (Okawaru gifted it to you on level 6 of the Lair of Beasts)

   rPois:     It protects you from poison.
   SInv:      It lets you see invisible.
   *Slow:     It may slow you when you take damage.
 x - a +0 pair of boots (worn)
 O - +0 ice dragon scales
 S - a +0 cloak (worn)
 T - the +0 pair of gloves "Ynustruasm" (worn) {rC+ Int+2 SInv}
   (You found it in a Gauntlet)

   Int:       It affects your intelligence (+2).
   rC:        It protects you from cold.
   SInv:      It lets you see invisible.
Jewellery
 r - a ring of flight
 v - a +6 ring of strength
 B - the ring of Duryrishru (right hand) {rF++ rN+ Will+ Str+6}
   (You bought it in a shop on level 2 of the Orcish Mines)

   [ring of strength]

   Str:       It affects your strength (+6).
   rF:        It greatly protects you from fire.
   rN:        It protects you from negative energy.
   Will:      It increases your willpower.
 U - the ring of Feol Etz {rF+ rC+ MP+9 Int+3}
   (You found it on level 4 of the Lair of Beasts)

   [ring of magical power]

   Int:       It affects your intelligence (+3).
   rF:        It protects you from fire.
   rC:        It protects you from cold.
   MP:        It affects your magic capacity (+9).
 X - the ring "Hynoamuu" (left hand) {rF++ Will+ Int+3}
   (You found it in a Gauntlet)

   [ring of willpower]

   Int:       It affects your intelligence (+3).
   rF:        It greatly protects you from fire.
   Will:      It increases your willpower.
Wands
 j - a wand of iceblast (4)
 s - a wand of acid (5)
 C - a wand of flame (4)
 J - a wand of polymorph (12)
Scrolls
 e - 3 scrolls of blinking
 g - 10 scrolls of teleportation
 i - 3 scrolls of magic mapping
 k - 6 scrolls of identify
 o - 3 scrolls of fog
 u - 3 scrolls of summoning
 w - 2 scrolls of silence
 y - 4 scrolls of amnesia
 z - 8 scrolls of fear
 A - 2 scrolls of brand weapon
 D - 5 scrolls of noise
 I - 3 scrolls of immolation
 M - 3 scrolls of enchant armour
 N - a scroll of holy word
 P - 2 scrolls of acquirement
Potions
 d - 5 potions of might
 l - a potion of flight
 m - 3 potions of magic
 p - a potion of ambrosia
 q - a potion of berserk rage
 t - 5 potions of mutation
 E - 2 potions of invisibility
 F - 3 potions of brilliance
 G - 3 potions of resistance
 H - 3 potions of haste
 L - 6 potions of curing


   Skills:
 + Level 19.1 Fighting
 + Level 19.9 Long Blades
 + Level 21.0 Armour
 + Level 5.8 Dodging
 + Level 2.0 Stealth
 + Level 16.6 Shields
 + Level 4.4 Invocations
 + Level 0.2 Evocations


You had 16 spell levels left.
You didn't know any spells.
Your spell library contained the following spells:

 Spells                   Type           Power      Damage    Failure   Level
 Apportation              Tloc           0%         N/A       99%         1
 Beastly Appendage        Tmut           0%         N/A       99%         1
 Freeze                   Ice            0%         1d3       99%         1
 Pain                     Necr           0%         1d4       99%         1
 Blink                    Tloc           0%         N/A       100%        2
 Corpse Rot               Necr/Air       0%         N/A       100%        2
 Poisonous Vapours        Pois/Air       0%         N/A       100%        2
 Static Discharge         Conj/Air       0%         N/A       100%        2
 Sublimation of Blood     Necr           0%         N/A       100%        2
 Wereblood                Tmut           0%         N/A       100%        2
 Conjure Flame            Conj/Fire      0%         6-21      100%        3
 Frozen Ramparts          Ice            0%         1d2       100%        3
 Gell's Gravitas          Tloc           0%         N/A       100%        3
 Ignite Poison            Fire/Tmut/Pois 0%         N/A       100%        3
 Inner Flame              Hex/Fire       0%         N/A       100%        3
 Lesser Beckoning         Tloc           0%         N/A       100%        3
 Spider Form              Tmut/Pois      0%         N/A       100%        3
 Teleport Other           Tloc           0%         N/A       100%        3
 Vampiric Draining        Necr           0%         2d6       100%        3
 Airstrike                Air            0%         N/A       100%        4
 Cause Fear               Hex            0%         N/A       100%        4
 Dispel Undead            Necr           0%         3d6       100%        4
 Fulminant Prism          Conj/Hex       0%         3d6       100%        4
 Hailstorm                Conj/Ice       0%         3d3       100%        4
 Petrify                  Tmut/Erth      0%         N/A       100%        4
 Sticky Flame             Conj/Fire      0%         2d3       100%        4
 Alistair's Intoxication  Tmut/Pois      0%         N/A       100%        5
 Freezing Cloud           Conj/Ice/Air   0%         6-21      100%        5
 Irradiate                Conj/Tmut      0%         3d14      100%        5
 Lightning Bolt           Conj/Air       0%         1d11      100%        5
 Manifold Assault         Tloc           0%         N/A       100%        5
 Conjure Ball Lightning   Conj/Air       0%         3x3d6     100%        6
 Enfeeble                 Hex            0%         N/A       100%        7
 Storm Form               Tmut/Air       0%         N/A       100%        7
 Discord                  Hex            0%         N/A       100%        8
 Disjunction              Tloc           0%         N/A       100%        8
 Maxwell's Capacitive Co  Air            0%         ∞         100%        8
 Animate Skeleton         Necr           Unusable   N/A       N/A         1
 Summon Small Mammal      Summ           Unusable   N/A       N/A         1
 Summon Lightning Spire   Summ/Air       Unusable   N/A       N/A         4

Dungeon Overview and Level Annotations

Branches:
Dungeon (15/15)            Temple (1/1) D:4            Lair (6/6) D:8
  Swamp (3/4) Lair:2       Spider (1/4) Lair:2        Slime (0/5) Lair:5
    Orc (2/2) D:12            Elf (3/3) Orc:2        Vaults (0/5) D:13
 Depths (0/4) D:15          Sewer (visited)          Bailey (visited)
Gauntlet (visited)

Altars:
Dithmenos
Fedhas
Gozag
Kikubaaqudgha
Makhleb
Okawaru
Ru
Trog
Uskayaw
Vehumet
Xom
Zin
The Shining One
Beogh

Shops:
D:7 *:   Orc:2 =:=(   Elf:1 ![   Elf:3 (

Annotations:
D:13 exclusion: oklob plant
Swamp:1 1 runed translucent door, Jalaapap's ghost, journeyman MiFi
Orc:2 Casa
Elf:2 3 runed translucent doors


Innate Abilities, Weirdness & Mutations

You have a pair of horns on your head.
You reflexively headbutt those who attack you in melee.


Message History

You hear the faint crackling of a distant melting archway.
The jumping spider pounces on you but does no damage.
The jumping spider barely misses you.
The jumping spider leaps!
The jumping spider pounces on you!
* * * LOW HITPOINT WARNING * * *
The jumping spider bites you but does no damage.
The jumping spider pounces on you but does no damage.
You block the jumping spider's attack.
The orb spider pulsates with a strange energy.
You slice the orb spider!! You burn the orb spider.
You headbutt the orb spider!
You kill the orb spider!
Okawaru accepts your kill.
You hear an angry hiss.
The jumping spider pounces on you but does no damage.
You block the jumping spider's attack.
The jumping spider leaps!
The jumping spider leaps!
A wolf spider comes into view.
A meliai comes into view. It is wielding a +0 hand axe.
You feel like a meek peon again.
The meliai buzzes angrily.
You block the wolf spider's attack. x2
Unknown command.
You slice the wolf spider!! You burn the wolf spider.
The wolf spider is heavily wounded.
You block the wolf spider's attack.
The wolf spider bites you but does no damage.
The meliai mumbles some strange prayers to its god against you.
Something smites you!
* * * LOW HITPOINT WARNING * * *
The wolf spider barely misses you. You furiously retaliate!
You headbutt the wolf spider.
The wolf spider bites you but does no damage.
You feel better.
The meliai invokes the aid of its god against you.
Something smites you!
* * * LOW HITPOINT WARNING * * *
The wolf spider hits you!
You die...

*,*****,*** #)# ***....,,,,,,,
*,,,,..#* #####†#######..,,,,,,,
*,***#.# #.........#...^,,,,,,*
#,*###.### #.............#,,,,,,*
..##.....####........####,,,,,,,*
,.........##..†.....## **,**,,,,*
,,*#......#..#.....## **,*,***,,*
,**#........##....## **,,*,*,,,,,
,* *#.<.....###.@.# *,,**,,,****
****##........#s..#* *****,*** **
**,**#......##†###.#** ****,***,
**^,*#.#....sy## *##,****,^,,,**,
*,,,...##....## **,**,,,,,,**,
*,,...####...#*** **,,,,,,,,**,
,,..#.* *##^#..,** **,,,,,,,,,,,,
*,....***,.....,,***,,,,,,,,,,,,,
*****,,,,..,,,,,,,**,,,,,,,,,,*,,


You could see a wolf spider, a jumping spider and a meliai.

Vanquished Creatures
  Jorgrun (D:12)
  Donald (Swamp:2)
  A fire giant (D:15)
  Aizul (Swamp:2)
  A ghost moth (Spider:1)
  A reaper (Gauntlet)
  A broodmother (Spider:1)
  A deep elf demonologist (Elf:1)
  2 eleionomae (Swamp:3)
  A minotaur (Gauntlet)
  4 dire elephants
  5 bunyips
  2 deep elf death magi (Elf:2)
  An ice dragon (Lair:4)
  13 hydras
  2 vault guards (Bailey)
  3 ghost crabs (Swamp:3)
  6 centaur warriors
  7 boulder beetles
  2 ogre magi (Orc:2)
  Erica (D:9)
  5 alligators
  10 two-headed ogres
  16 dancing weapons
  3 death knights (D:13)
  6 death yaks
  A tengu warrior (D:12)
  An orc high priest (Orc:2)
  13 deep elf knights
  A pharaoh ant (Spider:1)
  A spectral death yak (Lair:6)
  A spectral anaconda (Lair:6)
  2 deep trolls (Orc:1)
  2 goliath frogs
  An orb spider (Spider:1)
  A swamp dragon (shapeshifter) (Elf:1)
  2 swamp dragons (Swamp:1)
  2 spriggan druids (Swamp:2)
  2 wizards
  An obsidian statue (Lair:6)
  A harpy (shapeshifter) (Elf:1)
  2 bog bodies
  2 wolf spiders (Spider:1)
  An orange crystal statue (D:9)
  An orc knight (D:12)
  4 necromancers (Lair:6)
  17 deep elf zephyrmancers
  14 deep elf archers
  4 will-o-the-wisps
  23 deep elf pyromancers
  2 manticores (D:12)
  An oklob plant (Lair:6)
  3 orc sorcerers
  27 ugly things
  32 elephants
  4 cyclopes
  3 centaur zombies (D:10)
  6 black mambas
  3 torpor snails
  A guardian serpent (shapeshifter) (D:15)
  An ice statue (Lair:4)
  A gargoyle (D:11)
  14 cane toads
  A minotaur zombie (Gauntlet)
  3 demonic crawlers (Spider:1)
  Psyche (D:9)
  3 efreet
  5 komodo dragons
  A yaktaur (D:12)
  A rime drake (Lair:6)
  A dire elephant skeleton (Lair:6)
  6 freezing wraiths
  6 meliai
  5 polar bears
  14 trolls
  5 tyrant leeches
  20 blink frogs
  4 tarantellas (Spider:1)
  11 hornets
  A slime creature (Lair:5)
  Prince Ribbit (Bailey)
  A polar bear (shapeshifter) (Elf:1)
  A raiju (Swamp:3)
  A dream sheep (Lair:2)
  A jumping spider (Spider:1)
  Sigmund (D:2)
  2 water elementals
  A vampire (D:13)
  2 shadows
  2 culicivoras (Spider:1)
  15 spriggans
  5 wraiths
  5 wyverns
  5 fire elementals
  38 yaks
  A human (shapeshifter) (D:14)
  11 basilisks
  7 humans (Bailey)
  8 redbacks (Spider:1)
  A steam dragon (Lair:4)
  19 vampire mosquitoes
  A warg (Orc:1)
  15 swamp worms
  An acid dragon (D:8)
  3 hell hounds (Gauntlet)
  12 water moccasins
  2 black bears
  17 orc warriors
  5 ice beasts
  A sky beast (D:7)
  23 ogres
  A necrophage (D:6)
  3 centaurs
  6 wolves
  A phantom (D:4)
  6 kobold brigands
  23 bullfrogs
  An earth elemental (Elf:2)
  A cane toad simulacrum (Lair:6)
  A water moccasin zombie (D:6)
  An elephant simulacrum (Lair:6)
  21 killer bees
  6 wights
  An electric eel (Lair:2)
  4 howler monkeys
  4 lava snakes (D:9)
  5 jellies
  6 hounds
  A centaur skeleton (D:6)
  17 orc priests
  Jessica (D:3)
  3 iguanas
  9 orc wizards
  19 hell rats
  A howler monkey zombie (D:10)
  Robin (D:3)
  10 adders
  A gnoll (Bailey)
  2 howler monkey skeletons (D:7)
  4 river rats (Sewer)
  5 shadow imps
  5 white imps
  3 worms
  3 dart slugs
  42 orcs
  8 ball pythons
  7 endoplasms
  4 giant cockroaches
  8 hobgoblins
  2 jackals
  2 quokkas
  2 bats (D:1)
  4 frilled lizards
  19 goblins
  20 kobolds
  8 rats
893 creatures vanquished.

Vanquished Creatures (others)
  2 deep elf knights (Elf:1)
  A will-o-the-wisp (Swamp:3)
  A troll (D:10)
  25 foxfires
  25 fungi
  79 plants
  25 withered plants (Lair:6)
158 creatures vanquished.

Grand Total: 1051 creatures vanquished

Notes
Turn   | Place    | Note
-------+----------+-------------------------------------------
     0 | D:1      | Peloso the Minotaur Fighter began the quest for the Orb.
     0 | D:1      | Reached XP level 1. HP: 19/19 MP: 0/0
   130 | D:1      | Reached skill level 4 in Armour
   130 | D:1      | Reached XP level 2. HP: 27/27 MP: 1/1
  1031 | D:2      | Reached XP level 3. HP: 30/33 MP: 2/2
  1148 | D:2      | Noticed Sigmund
  1158 | D:2      | Killed Sigmund
  1159 | D:2      | Reached skill level 5 in Armour
  1159 | D:2      | Reached XP level 4. HP: 17/41 MP: 3/3
  1159 | D:2      | Reached XP level 5. HP: 20/47 MP: 4/4
  2286 | D:3      | Noticed Jessica
  2322 | D:3      | Killed Jessica
  2323 | D:3      | Reached XP level 6. HP: 33/53 MP: 5/5
  2431 | D:3      | Reached skill level 5 in Long Blades
  2486 | D:3      | Noticed Robin
  2507 | D:3      | Killed Robin
  2508 | D:3      | Reached skill level 1 in Dodging
  3191 | D:4      | Found a glowing drain.
  3207 | Sewer    | Entered a sewer
  3249 | Sewer    | Reached XP level 7. HP: 55/60 MP: 6/6
  3375 | Sewer    | Reached skill level 5 in Fighting
  3375 | Sewer    | Reached skill level 6 in Armour
  3662 | Sewer    | Reached skill level 5 in Shields
  4417 | D:4      | Found a staircase to the Ecumenical Temple.
  4430 | Temple   | Entered the Ecumenical Temple
  4505 | Temple   | Became a worshipper of Warmaster Okawaru
  5067 | D:5      | Entered Level 5 of the Dungeon
  5119 | D:5      | You fall into a shaft and drop 2 floors!
  5119 | D:7      | Found Gyjilat's Book Shoppe.
  5157 | D:7      | Reached XP level 8. HP: 51/69 MP: 7/7
  5242 | D:7      | Found Qubluczu's Assorted Antiques.
  5310 | D:7      | Reached * piety under Okawaru
  5427 | D:7      | Reached skill level 7 in Armour
  6406 | D:6      | Reached skill level 8 in Armour
  6406 | D:6      | Identified the +0 leather armour of Ixzov {rElec rF++
                  | Str+4}
  6826 | D:5      | Reached XP level 9. HP: 71/75 MP: 8/8
  7466 | D:6      | Reached ** piety under Okawaru
  7684 | D:6      | Reached skill level 1 in Stealth
  7891 | D:6      | Reached skill level 10 in Long Blades
  7952 | D:6      | Reached skill level 9 in Armour
  9598 | D:8      | Reached *** piety under Okawaru
  9772 | D:8      | Found a staircase to the Lair.
  9954 | D:9      | Reached XP level 10. HP: 69/85 MP: 6/9
 10047 | D:9      | Noticed an orange crystal statue
 10115 | D:9      | Noticed Psyche
 10115 | D:9      | Noticed Erica
 10126 | D:9      | Killed Psyche
 10136 | D:9      | Killed Erica
 10137 | D:9      | Reached skill level 10 in Armour
 10194 | D:9      | HP: 5/132 [orc priest/nerve-wracking pain (5)]
 10198 | D:9      | Reached **** piety under Okawaru
 10210 | D:9      | Found a flagged portal.
 10391 | Bailey   | Entered a bailey
 10567 | Bailey   | Reached skill level 1 in Invocations
 10737 | Bailey   | Noticed Prince Ribbit
 10768 | Bailey   | Noticed a vault guard
 10776 | Bailey   | Killed Prince Ribbit
 10782 | Bailey   | Killed a vault guard
 10783 | Bailey   | Reached skill level 11 in Armour
 11023 | Bailey   | Noticed a vault guard
 11033 | Bailey   | Killed a vault guard
 11033 | Bailey   | Reached ***** piety under Okawaru
 11034 | Bailey   | Reached XP level 11. HP: 83/97 MP: 10/10
 11374 | D:9      | Got Qelesch's Reference Book on Cloudy Execration
 11946 | D:10     | Entered Level 10 of the Dungeon
 12293 | D:10     | Identified the +4 troll leather armour "Zaujiyge" {rF+
                  | Regen+} (Okawaru gifted it to you on level 10 of the
                  | Dungeon)
 12293 | D:10     | Received a gift from Okawaru
 12381 | D:10     | Found a shimmering altar of Xom.
 12796 | D:10     | Reached skill level 12 in Armour
 13013 | Lair:1   | Entered Level 1 of the Lair of Beasts
 13019 | Lair:1   | Noticed a six-headed hydra
 13194 | Lair:1   | Killed a three-headed hydra
 13400 | Lair:1   | Noticed a boulder beetle
 13414 | Lair:1   | Killed a boulder beetle
 13837 | Lair:1   | Reached skill level 10 in Fighting
 14317 | Lair:1   | Noticed a six-headed hydra
 14324 | Lair:1   | Killed a two-headed hydra
 14325 | Lair:1   | Reached skill level 5 in Dodging
 14901 | Lair:2   | Found a hole to the Spider Nest.
 15310 | Lair:2   | Reached skill level 13 in Armour
 15310 | Lair:2   | Reached XP level 12. HP: 80/107 MP: 11/11
 15769 | Lair:2   | Received a gift from Okawaru
 16140 | Lair:2   | Reached skill level 14 in Armour
 16359 | Lair:2   | Found a staircase to the Swamp.
 16644 | Lair:3   | Reached ****** piety under Okawaru
 16671 | Lair:3   | Noticed an eight-headed hydra
 17527 | Lair:2   | Killed a five-headed hydra
 19166 | D:11     | Found a hide-covered altar of Uskayaw.
 19718 | D:11     | Identified the +1 robe of Duty {Stlth+} (Okawaru gifted it
                  | to you on level 11 of the Dungeon)
 19718 | D:11     | Received a gift from Okawaru
 19718 | D:11     | Noticed a two-headed ogre
 19719 | D:11     | Reached skill level 15 in Armour
 19727 | D:11     | Killed a two-headed ogre
 20232 | D:12     | Found a staircase to the Orcish Mines.
 20256 | D:12     | Noticed Jorgrun
 20273 | D:12     | Killed Jorgrun
 20274 | D:12     | Reached XP level 13. HP: 73/119 MP: 11/13
 21827 | Orc:1    | Entered Level 1 of the Orcish Mines
 22048 | Orc:2    | Entered Level 2 of the Orcish Mines
 22151 | Orc:1    | Reached skill level 10 in Shields
 22160 | Orc:1    | Reached skill level 15 in Long Blades
 22733 | D:12     | Reached skill level 16 in Armour
 24140 | Orc:2    | Received a gift from Okawaru
 24277 | Orc:2    | Found Aggecaer's Jewellery Shoppe.
 24282 | Orc:2    | Found a staircase to the Elven Halls.
 24650 | Orc:2    | Found Esexal's Jewellery Boutique.
 24658 | Orc:2    | Found Ziusef's Weapon Emporium.
 24659 | Orc:2    | Found Inguap's Book Shoppe.
 24719 | Orc:2    | HP: 4/123 [orc warrior/+0 glaive[an orc high priest] (16)]
 25171 | Orc:2    | Identified the +2 robe "Feagie" {Harm rElec Regen+ Dex+5}
                  | (Okawaru gifted it to you on level 2 of the Orcish Mines)
 25171 | Orc:2    | Received a gift from Okawaru
 25420 | Orc:2    | Reached XP level 14. HP: 75/130 MP: 15/15
 25988 | Orc:2    | Bought the ring of Duryrishru {rF++ rN+ Will+ Str+6} for
                  | 1206 gold pieces
 26660 | D:13     | Found a gate to the Vaults.
 27378 | D:13     | Reached skill level 17 in Armour
 28052 | D:13     | Found a blossoming altar of Fedhas.
 29329 | Lair:4   | HP: 6/131 [hell rat (2)]
 29754 | Lair:4   | Identified the +12 crystal plate armour of Okawaru's Favour
                  | {rC+ Str+2} (Okawaru gifted it to you on level 4 of the
                  | Lair of Beasts)
 29754 | Lair:4   | Received a gift from Okawaru
 30305 | Lair:4   | Identified the ring of Feol Etz {rF+ rC+ MP+9 Int+3}
 30799 | Lair:5   | Found a gate leading to a gauntlet.
 30836 | Gauntlet | Entered a Gauntlet
 30836 | Gauntlet | Found a transporter.
 30836 | Gauntlet | Found a transporter.
 30836 | Gauntlet | Found a transporter.
 30844 | Gauntlet | Found a transporter.
 30846 | Gauntlet | Found a transporter.
 30858 | Gauntlet | Found a transporter.
 30862 | Gauntlet | Found a transporter.
 30875 | Gauntlet | Noticed a reaper
 30876 | Gauntlet | Found a transporter.
 30974 | Gauntlet | Found a transporter.
 30988 | Gauntlet | Found a transporter.
 30992 | Gauntlet | Found a transporter.
 31011 | Gauntlet | Found a transporter.
 31099 | Gauntlet | Identified the +0 pair of gloves "Ynustruasm" {rC+ Int+2
                  | SInv}
 31176 | Gauntlet | Identified the ring "Hynoamuu" {rF++ Will+ Int+3}
 31206 | Gauntlet | Killed a reaper
 31870 | D:14     | Identified the +8 spear of Xakkedwa {freeze, rElec rF+}
 32293 | Lair:5   | Found a staircase to the Slime Pits.
 32340 | Lair:5   | Reached skill level 15 in Fighting
 32522 | Lair:5   | Reached skill level 18 in Armour
 32992 | Lair:6   | Entered Level 6 of the Lair of Beasts
 33174 | Lair:6   | Reached XP level 15. HP: 139/141 MP: 16/16
 33666 | Lair:6   | Identified the +0 hat of a treasure trove {*Slow rPois
                  | SInv} (Okawaru gifted it to you on level 6 of the Lair of
                  | Beasts)
 33666 | Lair:6   | Received a gift from Okawaru
 34386 | Lair:6   | Identified 2 scrolls of acquirement
 35262 | D:14     | Identified the +11 war axe of Awkwardness {protect, rC+
                  | Stlth+}
 36196 | D:14     | Identified the +2 plate armour of the Present {Str+2 Int-5
                  | Dex+3 Slay+2} (Okawaru gifted it to you on level 14 of the
                  | Dungeon)
 36196 | D:14     | Received a gift from Okawaru
 36197 | D:14     | Reached skill level 19 in Armour
 36241 | D:15     | Entered Level 15 of the Dungeon
 36401 | D:15     | Found a staircase to the Depths.
 36401 | D:15     | Noticed a fire giant
 36424 | D:15     | Killed a fire giant
 36661 | D:15     | Identified the -5 helmet "Jamaud" {Will+ rCorr Int-4}
 36897 | D:15     | Reached XP level 16. HP: 108/152 MP: 18/18
 37896 | Elf:1    | Entered Level 1 of the Elven Halls
 39034 | Elf:1    | Identified the +0 chain mail "Diwnirub" {rN++ Will+}
                  | (Okawaru gifted it to you on level 1 of the Elven Halls)
 39034 | Elf:1    | Received a gift from Okawaru
 39454 | Elf:1    | Found Nosoy's Antique Armour Shop.
 39454 | Elf:1    | Found Muwnoichirr's Distillery.
 40132 | Elf:2    | Reached skill level 20 in Armour
 40163 | Elf:2    | Reached skill level 15 in Shields
 41373 | Elf:2    | Found a runed translucent gate.
 41373 | Elf:2    | Found a runed translucent gate.
 41374 | Elf:2    | Found a runed translucent gate.
 41654 | Elf:3    | Entered Level 3 of the Elven Halls
 41654 | Elf:3    | Found Paanakipn's Antique Weapon Boutique.
 41701 | Elf:3    | Reached XP level 17. HP: 140/163 MP: 19/19
 41716 | Elf:3    | Identified the +5 scale mail of Jatac {+Inv rC- rCorr
                  | Dex-2}
 41802 | Elf:3    | Received a gift from Okawaru
 42393 | Swamp:1  | Entered Level 1 of the Swamp
 43386 | Swamp:1  | Found a runed translucent door.
 43386 | Swamp:1  | Found a shimmering altar of Xom.
 43386 | Swamp:1  | Noticed Jalaapap's ghost (journeyman MiFi)
 43902 | Swamp:2  | Received a gift from Okawaru
 44019 | Swamp:2  | Noticed Donald
 44033 | Swamp:2  | Killed Donald
 44620 | Swamp:3  | Noticed Aizul
 44729 | Swamp:2  | Killed Aizul
 46109 | Swamp:3  | Identified the +10 hunting sling of the Five Cities
                  | {vorpal, Will+ rCorr}
 46733 | Spider:1 | Entered Level 1 of the Spider Nest
 46757 | Spider:1 | Reached skill level 21 in Armour
 46858 | Spider:1 | HP: 8/168 [meliai/divine providence (11)]
 46859 | Spider:1 | HP: 2/168 [meliai/divine providence (12)]
 46859 | Spider:1 | Mangled by a wolf spider

Illustrated notes

Levels and vault maps discovered:
D:1:      giann_bridges, layout_basic
D:2:      layout_loops_corners, kennysheep_boxes, uniq_sigmund
D:3:      layout_loops_cross, uniq_robin, uniq_jessica
D:4:      layout_rooms, minmay_temple_entry_waves, cheibrodos_sewer_entry_drain,
          serial_bayou, serial_bayou_crossing, serial_bayou_pond_e,
          serial_bayou_pond_b, serial_bayou_pond_c, serial_bayou_ford_a,
          serial_bayou_lake_a, minmay_fractal_squares_gapless_5
D:5:      layout_basic
D:6:      layout_loops_corners, minmay_unpleasant_kobolds
D:7:      layout_basic, serial_shops, shop, shop_coins
D:8:      layout_rooms, lair_entry_dummy
D:9:      layout_gridville, enter_bailey_3, disabler_island, uniq_psyche,
          uniq_erica
D:10:     layout_roguey, xom_confusion_cloud
D:11:     layout_loops_corners, nicolae_uskayaw_en_pointe
D:12:     layout_gridville, orc_0_dummy, minmay_diamond_spiral, uniq_jorgrun
D:13:     layout_loops_ring, erik_vaults_1, tgw_fedhas
D:14:     layout_basic, nicolae_cairo_tiling_large, kennysheep_two_boxes
D:15:     grunt_enter_depths_giant_problem, layout_loops_ring,
          grunt_ministairs_11
Temple:   mainiacjoe_temple_circle_huts
Lair:1:   layout_cave_pods, nzn_sisyphean_effort
Lair:2:   layout_layer_cave, swamp_mist, dummy_spider_entry,
          grunt_forest_small_clearings, nicolae_lair_grazing_beasts
          [nicolae_sub_lair_graze_edge, nicolae_sub_lair_graze_edge,
          nicolae_sub_lair_graze_edge, nicolae_sub_lair_graze_edge]
Lair:3:   layout_regular_city, chequers_serial_rivers_room_a,
          grunt_forest_large_clearing_hut
Lair:4:   layout_cave_pods, ice2_lemuel
Lair:5:   layout_loops_ring, minmay_slime_entry_pillars, gauntlet_entry_generic,
          grunt_megastairs_5
Lair:6:   due_jungle_book, layout_gridlike, grunt_megastairs_1
Swamp:1:  layout_basic_swamp, ebering_ghost_xom, evilmike_swamp_ruin_rubble_1,
          swamp_pool4, nicolae_swamp_fairy_circle
Swamp:2:  layout_basic_swamp, hangedman_swamp_pad, uniq_donald
Swamp:3:  layout_basic_swamp, evilmike_swamp_ruin_house_1, swamp_pool4,
          beargit_elvish_explorers, uniq_aizul
Spider:1: layout_chambers, portal_ice_cave_entry_ice_simulacra,
          nicolae_spider_jagged_tunnels
Orc:1:    layout_caves, nicolae_orc_lost_temple
Orc:2:    st_orc_open, layout_caves
Elf:1:    minmay_elf_arrival_plus, layout_loops_corners, minmay_elf_demonology,
          hellmonk_bongcloud_opening, minmay_shoptagon
Elf:2:    nicolae_elf_blades_splatter_lattice [nicolae_blade_entry_pointy_end],
          layout_geoelf_octagon, uniq_azrael
Elf:3:    minmay_elf_hall_x, layout_onion_city, serial_shops, shop

Skill      XL: |  1  2  3  4  5  6  7  8  9 10 11 12 13 14 15 16 17 |
---------------+----------------------------------------------------+-----
Armour         | 4 5 6 8 9 11 13 15 16 18 19 20 21 | 21.0
Fighting       | 4 5 6 7 9 10 12 13 15 16 18 19 | 19.1
Shields        | 4 5 6 7 8 9 11 12 13 15 16 | 16.6
Long Blades    | 4 6 7 8 10 12 14 15 16 18 19 | 19.9
Dodging        | 1 2 3 4 5 |  5.8
Stealth        | 1 2 |  2.0
Invocations    | 1 3 4 |  4.4
Evocations     | |  0.2

Action                   |  1- 3 |  4- 6 |  7- 9 | 10-12 | 13-15 | 16-18 || total
-------------------------+-------+-------+-------+-------+-------+-------++-------
Melee: Long sword        |    47 |   114 |   424 |    44 |       |   797 ||  1426
       Headbutt          |     3 |    18 |    88 |   115 |   282 |   199 ||   705
       Scimitar          |       |       |       |   460 |  1129 |   114 ||  1703
Invok: Heroism           |       |       |     5 |     7 |    28 |     3 ||    43
Evoke: Wand              |       |       |       |     4 |       |       ||     4
  Use: Scroll            |       |       |     7 |    13 |    10 |     2 ||    32
       Potion            |       |       |     3 |     6 |     4 |     2 ||    15
Armor: Scale mail        |    17 |    37 |   117 |       |       |       ||   171
       Plate armour      |       |       |    15 |   294 |   268 |       ||   577
       Crystal plate arm |       |       |       |       |   387 |   668 ||  1055
Dodge: Dodged            |    21 |    54 |   175 |   221 |   531 |   266 ||  1268
Block: Buckler           |     5 |    31 |   110 |   139 |   417 |   214 ||   916
       Kite shield       |       |       |       |       |       |   205 ||   205
       Reflection        |       |       |       |       |       |     8 ||     8
